Map: Disco Bloodbath LE

Players

Stephano

  • Race: Zerg Zerg
  • Spawn Location: 9:00

uThermal - Winner!

  • Race: Terran Terran
  • Spawn Location: 3:00

VOD

Have the link to the VOD?

Description

Time

  • Played on: Sept. 6, 2019, 4:33 p.m.
  • Length: 11:19
Show
View Real Time Build Order
Export as new Build Order

Stephano Zerg 

Build Orders: Hatch First 

Get SALT Encoding   

  12  0:01  Drone  
  13  0:13  Overlord  
  13  0:16  Drone  
  14  0:31  Drone x2  
  16  0:47  Hatchery  
  15  0:50  Drone  
  15  0:54  Drone  
  17  0:57  Drone  
  18  1:08  Extractor  
  17  1:12  Spawning Pool  
  17  1:16  Drone  
  17  1:19  Drone  
  18  1:28  Drone  
  19  1:39  Drone  
  20  1:50  Drone  
  21  1:59  Queen  
  23  2:06  Queen, Hatchery  
  24  2:09  Zergling x2  
  24  2:11  Zergling x2  
  26  2:16  Overlord  
  26  2:20  Drone  
  27  2:24  Drone  
  28  2:39  Drone x3  
  28  2:42  Queen  
  33  2:48  Overlord  
  33  2:49  Metabolic Boost  
  33  2:58  Drone x2  
  33  2:59  Drone  
  36  3:07  Overlord  
  36  3:08  Drone  
  38  3:12  Drone  
  38  3:14  Drone x2  
  38  3:16  Drone x2  
  38  3:19  Queen  
  44  3:23  Drone  
  45  3:27  Drone  
  45  3:28  Drone  
  45  3:31  Drone  
  45  3:32  Queen  
  50  3:38  Drone x2  
  52  3:43  Queen  
  52  3:46  Drone  
  55  3:48  Drone x2  
  55  3:52  Overlord  
  57  3:56  Overlord, Drone  
  57  4:00  Overlord  
  58  4:04  Evolution Chamber  
  58  4:06  Evolution Chamber  
  58  4:07  Overlord  
  58  4:09  Drone x2  
  58  4:13  Queen  
  60  4:17  Overlord  
  60  4:18  Zergling x2  
  60  4:19  Zergling x2  
  60  4:23  Spore Crawler  
  61  4:26  Zergling x4  
  61  4:27  Spore Crawler  
  61  4:28  Zergling x2  
  61  4:30  Zergling x4  
  65  4:32  Drone  
  65  4:35  Drone x2  
  68  4:38  Zerg Ground Armor Level 1  
  68  4:40  Drone  
  68  4:42  Zergling x2  
  68  4:45  Zergling x6  
  72  4:50  Zergling x2  
  70  4:57  Zergling x4  
  70  4:58  Zergling x4  
  71  5:00  Zerg Melee Weapons Level 1  
  71  5:03  Extractor  
  71  5:05  Extractor  
  69  5:12  Drone x5  
  69  5:13  Hatchery  
  73  5:19  Drone x5  
  78  5:24  Lair  
  78  5:25  Drone x3  
  81  5:32  Baneling Nest  
  81  5:33  Drone x2  
  82  5:39  Drone x5  
  87  5:48  Zergling x2  
  87  5:49  Zergling x10  
  91  5:53  Zergling x2  
  91  6:00  Zergling x4  
  81  6:14  Zergling x20  
  85  6:18  Queen x2  
  85  6:24  Drone x3  
  90  6:32  Zergling x8  
  89  6:38  Zerg Ground Armor Level 2  
  89  6:39  Extractor  
  88  6:40  Extractor  
  88  6:41  Drone x3  
  88  6:43  Drone  
  91  6:48  Centrifical Hooks  
  91  6:51  Drone x4  
  91  6:53  Baneling x4  
  91  6:54  Baneling  
  95  7:06  Baneling x4  
  95  7:10  Drone x3  
  95  7:11  Drone  
  95  7:14  Zergling x10  
  104  7:16  Overlord x2  
  104  7:18  Overlord  
  104  7:22  Overlord  
  104  7:31  Overlord x2  
  104  7:32  Overlord  
  104  7:34  Drone x3  
  104  7:35  Spore Crawler  
  106  7:37  Overlord  
  106  7:41  Zergling x26  
  106  7:43  Baneling x2  
  118  7:46  Zergling x4  
  118  7:57  Zergling x12  
  119  8:03  Zergling x10  
  121  8:10  Zergling x2  
  121  8:11  Zergling x6  
  112  8:25  Infestation Pit, Extractor  
  110  8:36  Hatchery, Drone x3  
  110  8:38  Hatchery  
  111  8:55  Drone x8  
  108  9:07  Baneling x5  
  108  9:10  Pathogen Glands  
  108  9:11  Burrow  
  108  9:12  Zerg Missile Weapons Level 1  
  105  9:20  Zergling x12  
  105  9:21  Zergling x8  
  95  9:29  Zergling x8  
  99  9:47  Infestor  
  99  9:48  Infestor x4  
  109  9:54  Infestor x2  
  109  9:57  Baneling x3  
  112  10:02  Zergling x10  
  115  10:11  Zergling x14  
  114  10:23  Infestor  
  114  10:25  Hatchery  
  117  10:29  Zergling x2  
  117  10:30  Zergling x6  
  117  10:31  Baneling x2  
  117  10:33  Baneling  
  119  10:41  Zergling x12  
  126  10:45  Overseer  
  121  10:52  Zergling x6  
  121  10:56  Hatchery  
  116  10:57  Baneling  
  116  10:58  Baneling x9  
  116  11:01  Zergling x10  
Show
View Real Time Build Order
Export as new Build Order

uThermal Terran - Winner!

Build Orders:  

Get SALT Encoding   

  12  0:01  SCV  
  13  0:13  SCV  
  14  0:17  Supply Depot  
  14  0:25  SCV  
  15  0:39  SCV  
  15  0:40  Barracks  
  16  0:44  Refinery  
  16  0:51  SCV  
  17  1:03  SCV  
  18  1:15  SCV  
  19  1:27  Orbital Command  
  19  1:28  Barracks Reactor  
  19  1:39  Command Center  
  19  1:49  Supply Depot  
  19  1:53  SCV  
  20  2:04  Marine x2  
  20  2:05  SCV  
  23  2:10  Factory  
  23  2:17  SCV  
  23  2:21  Marine x2  
  26  2:26  Refinery  
  26  2:29  SCV  
  27  2:39  Marine x2  
  27  2:41  SCV  
  30  2:51  Orbital Command  
  30  2:53  SCV  
  30  2:55  Starport  
  31  2:59  Factory Reactor  
  31  3:00  Marine  
  31  3:03  Marine  
  33  3:06  SCV  
  34  3:13  Supply Depot  
  34  3:18  Marine, SCV x2  
  37  3:27  Marine  
  37  3:30  SCV x2  
  40  3:35  Marine  
  40  3:38  Medivac x2  
  47  3:41  Widow Mine  
  47  3:42  SCV  
  47  3:43  SCV  
  47  3:45  Marine  
  47  3:47  Supply Depot  
  50  3:53  Marine  
  50  3:54  SCV  
  50  3:55  SCV  
  53  4:10  Command Center  
  53  4:15  Hellion x2  
  53  4:16  Supply Depot  
  57  4:18  SCV  
  57  4:19  SCV  
  59  4:28  Liberator  
  59  4:31  SCV  
  62  4:32  SCV  
  62  4:38  Hellion x2, Supply Depot  
  65  4:42  Liberator  
  65  4:43  SCV  
  69  4:48  SCV  
  70  4:54  Refinery  
  70  4:55  SCV, Refinery  
  74  5:00  Hellion  
  74  5:02  Supply Depot  
  74  5:03  SCV  
  74  5:05  Hellion  
  75  5:08  SCV  
  76  5:15  SCV  
  76  5:20  SCV  
  76  5:21  Factory, Barracks Tech Lab  
  78  5:22  Hellion  
  78  5:23  Factory  
  78  5:27  SCV, Hellion  
  83  5:32  SCV  
  84  5:39  SCV  
  85  5:44  SCV  
  85  5:45  Factory  
  85  5:46  Factory  
  85  5:47  Supply Depot  
  85  5:49  SCV, Barracks Tech Lab  
  87  5:51  SCV  
  87  5:52  Hellion  
  87  5:57  SCV  
  91  6:01  SCV  
  91  6:03  SCV  
  90  6:09  SCV  
  84  6:14  SCV, Hellion x2  
  84  6:15  SCV  
  79  6:21  SCV  
  79  6:22  Mag-Field Accelerator, Cyclone x2  
  86  6:26  Infernal Pre-Igniter  
  86  6:27  SCV  
  86  6:30  Orbital Command  
  86  6:31  Factory Tech Lab, Factory Reactor  
  84  6:34  SCV  
  84  6:36  Hellion  
  84  6:38  Hellion  
  86  6:43  Supply Depot  
  86  6:44  SCV  
  86  6:45  Refinery  
  86  6:46  Refinery  
  87  6:50  Cyclone  
  87  6:51  SCV  
  87  6:54  Supply Depot  
  91  6:55  SCV  
  91  6:56  SCV  
  91  6:57  Cyclone  
  91  7:00  Hellion  
  98  7:03  SCV  
  98  7:04  Cyclone  
  98  7:07  SCV  
  98  7:08  SCV, Hellion  
  105  7:09  Supply Depot  
  105  7:15  SCV  
  107  7:19  SCV  
  107  7:20  SCV  
  109  7:23  Cyclone, Hellion  
  109  7:25  Command Center  
  109  7:26  Hellion  
  116  7:34  Armory  
  116  7:35  Cyclone, Armory  
  116  7:36  Hellion  
  123  7:37  Hellion  
  123  7:41  Hellion  
  125  7:45  Hellion  
  125  7:47  Hellion  
  129  7:53  SCV  
  129  7:55  SCV, Hellion  
  129  7:57  SCV, Hellion  
  121  7:58  Hellion  
  121  8:02  Cyclone  
  122  8:06  Hellion  
  122  8:07  Cyclone  
  122  8:09  Hellion  
  120  8:16  Hellion  
  120  8:18  SCV x2  
  120  8:19  SCV  
  111  8:25  Terran Vehicle And Ship Armor Level 1  
  111  8:29  Hellion, Terran Vehicle Weapons Level 1  
  111  8:30  SCV  
  111  8:31  SCV  
  111  8:32  Hellion  
  111  8:34  SCV  
  118  8:35  Cyclone  
  118  8:38  Orbital Command  
  123  8:41  Hellion  
  123  8:43  SCV  
  123  8:45  Hellion x2  
  123  8:46  SCV  
  129  8:49  Hellion  
  129  8:51  Hellion  
  133  8:59  Hellion  
  133  9:00  Supply Depot  
  135  9:05  Hellion  
  135  9:09  SCV  
  138  9:11  Orbital Command  
  138  9:13  Siege Tank  
  138  9:14  Command Center, Hellion  
  143  9:18  Widow Mine  
  143  9:19  Widow Mine x2  
  143  9:22  Widow Mine  
  149  9:26  Widow Mine  
  149  9:29  Supply Depot  
  149  9:34  Liberator x2  
  149  9:35  Hellion  
  147  9:40  Cyclone, SCV x2, Supply Depot, Widow Mine  
  147  9:44  Siege Tank  
  155  9:49  SCV  
  155  9:51  SCV  
  163  9:55  SCV  
  164  10:02  Siege Tank, Hellion  
  164  10:04  Widow Mine x2  
  164  10:06  SCV  
  170  10:11  Hellion  
  170  10:12  Siege Tank  
  170  10:13  SCV  
  167  10:18  SCV x2, Supply Depot  
  167  10:19  Liberator  
  169  10:26  Hellion  
  171  10:32  Hellion  
  171  10:34  Hellion  
  178  10:44  Siege Tank  
  178  10:45  Hellion  
  180  10:51  Hellion  
  180  10:53  Hellion  
  182  10:57  Widow Mine  
Tags
 
Add a new tag
Caveats
  • Supply blocks, unpowered buildings, or Contaminate may cause inaccurate times.
  • Supply counts are checked every 10 seconds.